 Dungeon Crawl Stone Soup version 0.21-a0-380-gd65dc97 (webtiles) character file.

110 qqqbard the Twirler (level 4, -4/28 HPs)
             Began as a Gargoyle Gladiator on Oct 17, 2017.
             Killed by divine providence
             ... invoked by an orc priest
              (14 damage)
             ... on level 3 of the Dungeon.
             The game lasted 00:01:40 (1652 turns).

qqqbard the Twirler (Gargoyle Gladiator)            Turns: 1652, Time: 00:01:41

Health: -4/28      AC:  8    Str: 18    XL:     4   Next: 91%
Magic:  4/4        EV: 12    Int:  9    God:
Gold:   95         SH:  0    Dex: 11    Spells: 3/3 levels left

rFire    . . .     SeeInvis .   a - +0 quarterstaff
rCold    . . .     Gourm    .   (shield currently unavailable)
rNeg     + . .     Faith    .   b - +0 leather armour
rPois    ∞         Spirit   .   c - +0 helmet
rElec    +         Reflect  .   (no cloak)
rCorr    .         Harm     .   (no gloves)
MR       .....                  (no boots)
Stlth    +.........             (no amulet)
HPRegen  0.09/turn              (no ring)
MPRegen  0.09/turn              (no ring)

@: no status effects
A: negative energy resistance 1, electricity resistance, unbreathing,
petrification resistance, rot immunity, AC +3
a: no special abilities


You were on level 3 of the Dungeon.
You were not hungry.

You visited 1 branch of the dungeon, and saw 3 of its levels.

You collected 95 gold pieces.

Inventory:

Hand Weapons
 a - a +0 quarterstaff (weapon)
Missiles
 d - 3 throwing nets (quivered)
Armour
 b - a +0 leather armour (worn)
 c - a +0 helmet (worn)
 n - a +0 chain mail
Scrolls
 e - a scroll of blinking {unknown}
 g - a scroll of remove curse {unknown}
 l - 2 scrolls of recharging {unknown}
 m - a scroll of fear {unknown}
 o - 3 scrolls of teleportation {unknown}
 p - a scroll of fog {unknown}
 r - a scroll of amnesia {unknown}
 s - a scroll of identify {unknown}
Potions
 i - 3 potions of haste {unknown}
 j - a potion of agility {unknown}
 k - 3 potions of ambrosia {unknown}
 q - a potion of flight {unknown}
Comestibles
 f - 2 bread rations
 h - a meat ration
 t - 8 chunks of flesh


   Skills:
 + Level 3.0 Fighting
 * Level 3.9 Staves
 - Level 1.7 Throwing
 * Level 2.6 Armour
 + Level 2.8 Dodging


You had 3 spell levels left.
You didn't know any spells.

Dungeon Overview and Level Annotations

Branches:
Dungeon (3/15)

Altars:
Hepliaklqana


Innate Abilities, Weirdness & Mutations

You are resistant to torment.
Your stone body is resilient. (AC +3)
You are immune to poison.
You resist negative energy. (rN+)
You are resistant to electric shocks. (rElec)
You can survive without breathing.
You are immune to petrification.
You are immune to rotting.


Message History

The orc priest is heavily wounded.
The giant cockroach barely misses you. The orc closely misses you.
The orc hits you but does no damage.
The orc priest mumbles some strange prayers to Beogh against you.
Beogh smites you! The giant cockroach misses you.
A leopard gecko comes into view.
The leopard gecko hisses angrily.
You hit the orc priest but do no damage.
The orc priest is heavily wounded.
The orc closely misses you. The orc hits you but does no damage.
The giant cockroach closely misses you.
The orc priest hits you with a mace of protection.
You hit the orc priest.
The orc priest is almost dead.
The orc hits you but does no damage. The giant cockroach barely misses you.
The orc hits you but does no damage.
The orc priest calls down the wrath of Beogh upon you.
Beogh smites you!
Ouch! That really hurt!
You die...

####### ......# ..
.. #####.# .#.# #
#.# .... # #.##
.l.## # #..# #...#
######.### #b..#
#.......# #oo.#
#.###<#.#
#####@o.#####
#.#.###.....s.....#
..#...†............
#.##.###..(........#
#. #.# ####....#(###
.. ..# #....#.#
#.##.# #....# # #.#
#....# #.# #(....#


You could see an orc priest, 2 orcs, a leopard gecko, a giant cockroach and a
bat.

Vanquished Creatures
  An orc wizard (D:3)
  3 adders (D:2)
  A worm (D:2)
  A dart slug (D:3)
  2 leopard geckos (D:2)
  2 orcs (D:3)
  3 giant cockroaches
  4 goblins
  5 hobgoblins
  2 jackals (D:2)
  7 kobolds
  A quokka (D:3)
  3 ball pythons (D:1)
  5 bats
  3 rats
43 creatures vanquished.

Notes
Turn   | Place    | Note
-------+----------+-------------------------------------------
     0 | D:1      | qqqbard the Gargoyle Gladiator began the quest for the Orb.
     0 | D:1      | Reached XP level 1. HP: 12/12 MP: 1/1
   127 | D:1      | Reached XP level 2. HP: 17/17 MP: 2/2
   165 | D:1      | Reached skill level 1 in Armour
   783 | D:2      | Reached XP level 3. HP: 22/22 MP: 3/3
   871 | D:2      | Found a hazy altar of Hepliaklqana.
  1161 | D:2      | Reached XP level 4. HP: 27/27 MP: 4/4
  1652 | D:3      | Killed from afar by an orc priest

Vault maps used:
D:1:      dpeg_arrival_chase, minmay_shallow_snake_nest
D:2:      lemuel_doored_altar, first_bread
D:3:      nicolae_overflow_hidden_temple, grunt_decor_one_mirror,
          serial_bayou_lagoon_a

Skill      XL: |  1  2  3  4 |
---------------+-------------+-----
Armour         | 1 2 |  2.6
Fighting       | 3 |  3.0
Staves         | |  3.9
Throwing       | |  1.7
Dodging        | |  2.8

Action                   |  1- 3 |  4- 6 || total
-------------------------+-------+-------++-------
Melee: Quarterstaff      |    76 |    54 ||   130
 Stab: Sleeping          |     1 |       ||     1
  Eat: Chunk             |     1 |     1 ||     2
Armor: Leather armour    |    29 |    24 ||    53
Dodge: Dodged            |    62 |    44 ||   106

Table legend:
 A = Spawn XP
 B = Non-spawn XP
 C = Spawn XP percentage of total XP
 D = Spawn monster count
 E = Non-spawn monster count
 F = Spawn count percentage of total count
 G = Total turns spent on level
                    A         B        C        D         E        F      G
               +---------+---------+-------+---------+---------+-------+---------
         Total |       0 |     158 |   0.0 |       0 |      43 |   0.0 |  1652
               +---------+---------+-------+---------+---------+-------+---------
           D:1 |       0 |      23 |   0.0 |       0 |      14 |   0.0 |   731
           D:2 |       0 |      76 |   0.0 |       0 |      21 |   0.0 |   825
           D:3 |       0 |      59 |   0.0 |       0 |       8 |   0.0 |    96
               +---------+---------+-------+---------+---------+-------+---------
